 Dungeon Crawl Stone Soup version 0.31-a0-765-g67fe2935dc (webtiles) character file.

Game seed: 1250159851670293046

1732 Majang the Digger (level 8, -4/54 HPs)
             Began as a Demonspawn Earth Elementalist on Sept 16, 2023.
             Was an Initiate of Vehumet.
             Slain by a hornet (12 damage)
             ... on level 7 of the Dungeon.
             The game lasted 00:38:02 (5796 turns).

Majang the Digger (Demonspawn Earth Elementalist)   Turns: 5796, Time: 00:38:04

Health: -4/54      AC:  8    Str:  3    XL:     8   Next: 76%
Magic:  16/16      EV: 12    Int: 18    God:    Vehumet [......]
Gold:   252        SH:  0    Dex: 17    Spells: 8/18 levels left

rFire   + + .        a - +0 quarterstaff "Goyryts" {elec, rPois rF++ Str-5 Dex+2}
rCold   . . .        (shield currently unavailable)
rNeg    . . .        r - +0 robe
rPois   +            c - +0 helmet
rElec   .            x - +0 cloak {rCorr}
rCorr   +            (no gloves)
SInv    .            q - +0 pair of boots
Will    .....        m - amulet of magic regeneration
Stlth   ++           l - ring of poison resistance
HPRegen 0.29/turn    (no ring)
MPRegen 0.70/turn

%: no passive effects
@: lethally poisoned (-4 -> -9)
A: yellow scales 2, magic regeneration, demonic magic 1
a: Renounce Religion


You were on level 7 of the Dungeon.
You worshipped Vehumet.
Vehumet was noncommittal.
You visited 2 branches of the dungeon, and saw 8 of its levels.

You collected 252 gold pieces.

Inventory:

Hand Weapons
 a - the +0 quarterstaff "Goyryts" (weapon) {elec, rPois rF++ Str-5 Dex+2}
   (You found it on level 5 of the Dungeon)

   Str-5:     It affects your strength (-5).
   Dex+2:     It affects your dexterity (+2).
   rF++:      It greatly protects you from fire.
   rPois:     It protects you from poison
 t - a +2 flail
 w - a +3 quarterstaff of chaos
 y - a +2 dagger of protection
Armour
 c - a +0 helmet (worn)
 p - a +0 buckler
 q - a +0 pair of boots (worn)
 r - a +0 robe (worn)
 x - a +0 cloak of preservation (worn)
Magical Staves
 b - the staff "Hell-Harrower" {rPois rC+ SInv Poison}
   (You found it on level 2 of the Dungeon)

   [staff of poison]

   Base accuracy: +5 Base damage: 5 Base attack delay: 1.2 This weapon's minimum
   attack delay (0.6) is reached at skill level 12.
   rC+:       It protects you from cold.
   rPois:     It protects you from poison SInv: It lets you see invisible.
   Poison:    It increases the power of your Poison spells.
   It falls into the 'Staves' category.
   It is a one-handed weapon.
Jewellery
 l - a ring of poison resistance (left hand)
 m - an amulet of magic regeneration (around neck)
Scrolls
 e - 2 scrolls of identify
 g - a scroll of poison
 h - a scroll of blinking {unknown}
 i - 2 scrolls of immolation {unknown}
 j - a scroll of revelation
 n - a scroll of butterflies {unknown}
 o - a scroll of silence {unknown}
 v - a scroll of teleportation {unknown}
Potions
 d - a potion of lignification
 f - a potion of invisibility {unknown}
 k - a potion of berserk rage {unknown}
 s - a potion of enlightenment {unknown}
 u - a potion of curing {unknown}
 z - a potion of might {unknown}


   Skills:
 + Level 1.4 Fighting
 + Level 1.2 Staves
 + Level 2.2 Dodging
 - Level 1.7 Stealth
 * Level 5.7 Spellcasting
 + Level 4.4 Conjurations
 - Level 0.8 Transmutations
 * Level 4.3 Fire Magic
 + Level 5.9 Earth Magic
 + Level 1.3 Evocations


You had 8 spell levels left.
You knew the following spells:

 Your Spells              Type           Power      Damage    Failure   Level
a - Sandblast             Erth           52%        2d12      1%          1
b - Stone Arrow           Conj/Erth      46%        3d9       4%          3
c - Scorch                Fire           40%        2d6       3%          2
g - Flame Wave            Conj/Fire      20%        2d7       21%         4

Your spell library contained the following spells:

 Spells                   Type           Power      Damage    Failure   Level
 Passwall                 Tmut/Erth      14%        N/A       4%          2
 Apportation              Tloc           10%        N/A       12%         1
 Hailstorm                Conj/Ice       13%        3d5       16%         3
 Jinxbite                 Hex            10%        N/A       19%         2
 Petrify                  Tmut/Erth      17%        N/A       30%         4
 Summon Ice Beast         Ice/Summ       5%         N/A       77%         4
 Alistair's Intoxication  Tmut/Pois      4%         N/A       96%         5
 Simulacrum               Ice/Necr       2%         N/A       100%        6
 Summon Cactus Giant      Summ           2%         N/A       100%        6


Dungeon Overview and Level Annotations

Branches:
Dungeon (7/15)             Temple (1/1) D:6

Altars:
Ashenzari
Cheibriados
Hepliaklqana
Kikubaaqudgha
Okawaru
Qazlal
Sif Muna
Trog
Uskayaw
Vehumet
Wu Jian
Xom
Yredelemnul

Shops:
D:1 [

Annotations:
D:2 CY
D:6 Maggie
D:7 Jeremiah


Innate Abilities, Weirdness & Mutations

You are mostly covered in yellow scales. (AC +3)
You regenerate magic rapidly.
Spells you cast may paralyse adjacent enemies.


Message History

Things that are here:
a +0 robe; a +0 orcbow
There is a stone staircase leading down here.
You climb downwards.
Level annotation: Jeremiah
There is a stone staircase leading up here.
You now have 234 gold pieces (gained 16).
You now have 252 gold pieces (gained 18).
z - a murky cyan potion A hornet comes into view.
The blast of sand hits the hornet!
The hornet is moderately wounded.
Malevolent energies surge around you.
The blast of sand misses the hornet.
Malevolent energies surge around you. The hornet stings you.
The blast of sand hits the hornet but does no damage.
The hornet is moderately wounded.
Malevolent energies surge around you. The hornet stings you.
The hornet completely misses you.
The blast of sand misses the hornet.
Malevolent energies surge around you. The hornet stings you.
The hornet stings you!
You are poisoned.
The hornet stings you.
You feel yourself slow down.
You are too injured to fight recklessly!
Casting: Sandblast (safe; 1% risk of failure)
Confirm with . or Enter, or press ? or * to list all spells.
Aiming: Sandblast (safe; 1% risk of failure)
Press: ? - help, Shift-Dir - straight line, f/p - hornet
Aim: a hornet (lightly wounded, 74% to hit)
The blast of sand hits the hornet!
The hornet is heavily wounded.
Malevolent energies surge around you.
The hornet suddenly stops moving!
You feel yourself speed up.
You feel very sick.
The hornet is no longer paralysed.
The hornet stings you!
* * * LOW HITPOINT WARNING * * *
The hornet stings you.
* * * LOW HITPOINT WARNING * * *
The hornet stings you!
You die...

.... ..# #.#.#####...#
. .......#...#
#.##......^...#
...............
.............#...#####
..........#
#.......###
......y@..#
#..........
#######...#
#........#. #...#
##.......#. #.###
#........#.
#.######....[...#<
#................#
#.................
###.....)........###
#................##


You could see a hornet.

Vanquished Creatures
  Duvessa (D:6)
  A water moccasin (D:4)
  2 centaurs
  A phantom (D:5)
  2 bullfrogs (D:6)
  2 scorpions (D:5)
  5 wights (D:4)
  Dowan (D:6)
  2 jellies
  2 hounds (D:4)
  An orc priest (D:5)
  3 sleepcaps
  Crazy Yiuf (D:2)
  Natasha (thrice) (D:2)
  6 orc wizards
  Terence (D:2)
  11 adders
  A shadow imp (D:5)
  A white imp (D:7)
  3 worms
  3 dart slugs
  22 orcs
  11 ball pythons
  7 endoplasms
  2 giant cockroaches
  12 goblins
  7 hobgoblins
  A jackal (D:4)
  5 kobolds
  A quokka (D:1)
  8 bats
  2 frilled lizards
  5 rats
136 creatures vanquished.

Notes
Turn   | Place    | Note
-------+----------+-------------------------------------------
     0 | D:1      | Majang the Demonspawn Earth Elementalist began the quest
                  | for the Orb.
     0 | D:1      | Reached XP level 1. HP: 13/13 MP: 3/3
   156 | D:1      | Gained mutation: You are partially covered in yellow
                  | scales. (AC +2) [demonic ancestry]
   156 | D:1      | Reached XP level 2. HP: 10/19 MP: 1/5
   287 | D:1      | Found a faded altar of an unknown god.
   460 | D:1      | Found Ypti's Antique Armour Shoppe.
   725 | D:2      | Found a hazy altar of Hepliaklqana.
   755 | D:2      | Noticed Terence
   758 | D:2      | Gained mutation: Spells you cast may paralyse adjacent
                  | enemies. [demonic ancestry]
   758 | D:2      | Reached XP level 3. HP: 24/24 MP: 2/7
   830 | D:2      | Killed Terence
   916 | D:2      | Identified the staff "Hell-Harrower" {rPois rC+ SInv
                  | Poison}
  1046 | D:2      | Gained mutation: You regenerate magic rapidly. [demonic
                  | ancestry]
  1046 | D:2      | Reached XP level 4. HP: 30/30 MP: 6/8
  1068 | D:2      | Noticed Natasha
  1071 | D:2      | Killed Natasha
  1144 | D:2      | You fall into a shaft and drop 1 floor!
  1271 | D:2      | Learned a level 3 spell: Stone Arrow
  1274 | D:2      | Learned a level 2 spell: Scorch
  1304 | D:2      | Noticed Natasha
  1308 | D:2      | Killed Natasha
  1348 | D:2      | Reached XP level 5. HP: 33/35 MP: 10/10
  1401 | D:2      | Noticed Natasha
  1404 | D:2      | Killed Natasha
  1652 | D:3      | Reached skill level 1 in Conjurations
  1721 | D:3      | Reached skill level 1 in Fire Magic
  2126 | D:4      | Reached XP level 6. HP: 41/41 MP: 11/11
  2204 | D:4      | Noticed a water moccasin
  2216 | D:4      | Killed a water moccasin
  2483 | D:4      | Reached XP level 7. HP: 46/46 MP: 13/13
  2486 | D:4      | Reached skill level 5 in Earth Magic
  3147 | D:5      | Entered Level 5 of the Dungeon
  3544 | D:5      | Reached skill level 5 in Spellcasting
  3547 | D:5      | Gained mutation: You are mostly covered in yellow scales.
                  | (AC +3) [demonic ancestry]
  3547 | D:5      | Reached XP level 8. HP: 52/52 MP: 15/15
  3754 | D:5      | Found a shimmering altar of Xom.
  3755 | D:5      | Found an ornate altar of the Wu Jian Council.
  3962 | D:5      | Learned a level 4 spell: Flame Wave
  4323 | D:2      | Found a runed translucent door.
  4324 | D:2      | Noticed Crazy Yiuf
  4329 | D:2      | Killed Crazy Yiuf
  4505 | D:6      | Found a staircase to the Ecumenical Temple.
  4514 | Temple   | Entered the Ecumenical Temple
  4523 | Temple   | Became a worshipper of Vehumet
  4754 | D:6      | Reached skill level 1 in Fighting
  4774 | D:6      | Noticed Duvessa
  4774 | D:6      | Noticed Dowan
  4791 | D:6      | Killed Duvessa
  4792 | D:6      | Reached skill level 1 in Staves
  4792 | D:6      | Reached skill level 1 in Evocations
  4798 | D:6      | Killed Dowan
  4875 | D:5      | Identified the +0 quarterstaff "Goyryts" {elec, rPois rF++
                  | Str-5 Dex+2}
  5068 | D:7      | Noticed Jeremiah
  5434 | D:7      | Noticed Maggie
  5790 | D:7      | Noticed a hornet
  5796 | D:7      | Slain by a hornet

Illustrated notes

Levels and vault maps discovered:
D:1:      amcnicky_arrival_blooded_trapdoor, layout_rooms, serial_shops,
          nicolae_shop_peninsula, dreamdust_ecumenical_altar_grove
D:2:      layout_rooms, basic_altar, uniq_crazy_yiuf_cottage, uniq_natasha,
          uniq_terence
D:3:      layout_rooms
D:4:      minmay_general_purpose_star, layout_loops_ring, wad_rectangle_vault
D:5:      layout_basic, nicolae_overflow_hidden_temple
D:6:      layout_basic, minmay_temple_entry_statues_pillars, uniq_duvessa
D:7:      layout_basic, kennysheep_little_box, grunt_gozag_statues,
          serial_shops, nicolae_shop_back_alley_shop, uniq_maggie, uniq_jeremiah
Temple:   chequers_temple_sunken

Skill      XL: |  1  2  3  4  5  6  7  8 |
---------------+-------------------------+-----
Earth Magic    | 3 4 5 |  5.9
Spellcasting   | 3 4 5 |  5.7
Conjurations   | 1 2 3 4 |  4.4
Fire Magic     | 1 2 3 4 |  4.3
Dodging        | 2 |  2.2
Fighting       | 1 |  1.4
Staves         | 1 |  1.2
Evocations     | 1 |  1.3
Stealth        | |  1.7
Transmutations | |  0.8

Action                     |  1- 3 |  4- 6 |  7- 9 || total
---------------------------+-------+-------+-------++-------
  Melee: Unarmed           |    12 |       |       ||    12
         Whip              |    11 |       |       ||    11
         Punch             |     1 |     1 |       ||     2
         Club              |     9 |       |       ||     9
         Staff             |       |    28 |     5 ||    33
         Dagger            |       |     3 |    24 ||    27
         Quarterstaff      |       |       |     2 ||     2
   Cast: Sandblast         |    56 |    91 |   108 ||   255
         Flame Wave        |       |       |     6 ||     6
         Stone Arrow       |       |       |     1 ||     1
    Use: Potion            |     1 |       |       ||     1
         Scroll            |       |       |     4 ||     4
   Stab: Paralysed         |     8 |     3 |    19 ||    30
         Sleeping          |       |     1 |       ||     1
 Armour: Robe              |    28 |    32 |    65 ||   125
  Dodge: Dodged            |    33 |    31 |    46 ||   110

Table legend: (Time is in decaauts)
 A = Elapsed time spent in this place.
 B = Non-inter-level travel time spent in this place.
 C = Inter-level travel time spent in this place.
 D = Time resting spent in this place.
 E = Time spent auto-exploring this place.
 F = Levels seen in this place.
 G = Mean time per level.
                   A        B        C        D        E       F      G
               +--------+--------+--------+--------+--------+-----+--------+
         Total |   5948 |   5702 |    246 |   1897 |    388 |   8 |  743.5 |
       Dungeon |   5930 |   5684 |    246 |   1897 |    388 |   7 |  847.1 |
        Temple |     18 |     18 |      0 |      0 |      0 |   1 |   18.0 |
               +--------+--------+--------+--------+--------+-----+--------+

Top non-repeatable levels by time:
     D:4: 1344 daAuts
     D:5: 1191 daAuts
     D:6: 1158 daAuts
     D:1: 851 daAuts
     D:2: 761 daAuts
     D:3: 491 daAuts
     D:7: 130 daAuts
  Temple: 18 daAuts
